 Dungeon Crawl Stone Soup version 0.31-a0-217-g58bb5d79cf (webtiles) character file.

Game seed: 6547866610026709113

30 qw the Shooter (level 3, -1/29 HPs)
             Began as a Minotaur Hexslinger on July 2, 2023.
             Slain by a goblin
             ... wielding a +0 dagger
             ... led by Robin
              (2 damage)
             ... on level 2 of the Dungeon.
             The game lasted 00:00:20 (888 turns).

qw the Shooter (Minotaur Hexslinger)                 Turns: 888, Time: 00:00:21

Health: -1/29      AC:  3    Str: 12    XL:     3   Next: 5%
Magic:  3/3        EV: 12    Int: 10    God:
Gold:   27         SH:  0    Dex: 14    Spells: 3/4 levels left

rFire   . . .        Y - +3 sling
rCold   . . .        (no shield)
rNeg    . . .        f - +0 leather armour
rPois   .            (helmet restricted)
rElec   .            (no cloak)
rCorr   .            (no gloves)
SInv    .            (no boots)
Will    .....        (no amulet)
Stlth   +            (no ring)
HPRegen 0.24/turn    (no ring)
MPRegen 0.08/turn

%: no passive effects
@: no status effects
A: horns 2, retaliatory headbutt
a: no special abilities


You were on level 2 of the Dungeon.
You visited 1 branch of the dungeon, and saw 2 of its levels.

You collected 27 gold pieces.


Innate Abilities, Weirdness & Mutations

You have a pair of horns on your head.
You reflexively headbutt those who attack you in melee.


   Skills:
 - Level 2.0 Fighting
 + Level 3.6 Ranged Weapons
 - Level 2.1 Dodging
 - Level 1.0 Spellcasting
 - Level 2.0 Hexes


You had 3 spell levels left.
You knew the following spells:

 Your Spells              Type           Power      Damage    Failure   Level
a - Slow                  Hex            16%        N/A       19%         1

Your spell library contained the following spells:

 Spells                   Type           Power      Damage    Failure   Level
 Inner Flame              Hex/Fire       2%         N/A       65%         3
 Portal Projectile        Hex/Tloc       4%         N/A       65%         3
 Cause Fear               Hex            2%         N/A       88%         4

Inventory:

Hand Weapons
 Y - a +3 sling (weapon)
Armour
 f - a +0 leather armour (worn)
Potions
 i - a potion of degeneration {unknown}

Dungeon Overview and Level Annotations

Branches:
Dungeon (2/15)

Altars:

Annotations:
D:2 Robin


Message History

The ball python constricts you. The goblin closely misses you.
The goblin hits you with a +0 club. The goblin hits you with a +0 dagger.
A hobgoblin comes into view. It is wielding a +0 club.
The ball python bites you but does no damage.
The ball python constricts you. The goblin hits you with a +0 dagger.
The goblin hits you with a +0 club. The goblin hits you with a +0 dagger.
A goblin comes into view. It is wielding a +0 club.
There is a stone staircase leading up here.
You shoot a sling bullet. The sling bullet hits the ball python.
The ball python is severely wounded.
The ball python closely misses you. The ball python constricts you.
The goblin hits you with a +0 dagger.
A kobold comes into view. It is wielding a +0 short sword.
The goblin closely misses you. The goblin hits you but does no damage.
Robin of the Strong Arm comes into view.
They are wielding a +0 spear.
The ball python bites you. The ball python constricts you.
You shoot a sling bullet.
The sling bullet closely misses the ball python.
The goblin hits you with a +0 dagger. The goblin hits you with a +0 club.
The goblin barely misses you.
The kobold throws a stone.
The stone barely misses you.
The ball python bites you but does no damage.
The ball python constricts you.
You shoot a sling bullet. The sling bullet hits the ball python.
You kill the ball python!
The goblin hits you with a +0 club. The goblin hits you with a +0 dagger.
The goblin misses you.
Robin roars a battlecry!
The goblins go into a battle-frenzy!
A goblin comes into view. It is wielding a +0 dagger.
The goblin misses you. You furiously retaliate!
You headbutt the goblin. Robin throws the goblin at you!
A goblin comes into view. It is wielding a +0 dagger.
The goblin hits you with a +0 dagger. The goblin closely misses you.
The goblin barely misses you.
You hear a shout!
888 ||| STAIRDANCE The goblin closely misses you.
The kobold barely misses you. The goblin hits you with a +0 dagger.
You die...

#. . .# .
#.##..
#......
##.......
#gK.K....
#@g......
#ggg.....
#K.......
#..gg...!
..$......
.........
.......g<
##......g.


You could see Robin, a hobgoblin (strong), 7 goblins and 3 kobolds.

Vanquished Creatures
  2 dart slugs (D:1)
  3 bats (D:1)
  2 endoplasms (D:1)
  3 goblins
  2 hobgoblins (D:1)
  5 kobolds
  2 quokkas
  2 ball pythons
  2 frilled lizards (D:1)
  3 rats (D:1)
26 creatures vanquished.

Notes
Turn   | Place    | Note
-------+----------+-------------------------------------------
     0 | D:1      | qw the Minotaur Hexslinger began the quest for the Orb.
     0 | D:1      | Reached XP level 1. HP: 16/16 MP: 1/1
     0 | D:1      | 0 ||| qw: Version: 0.3-a-40-ge99b1a8
     0 | D:1      | 0 ||| qw: Game counter: 149
     0 | D:1      | 0 ||| qw: Melee chars always use a shield: true
     0 | D:1      | 0 ||| qw: God list: Okawaru
     0 | D:1      | 0 ||| qw: Allow faded altars: false
     0 | D:1      | 0 ||| qw: Do Orc after clearing Dungeon:15 true
     0 | D:1      | 0 ||| qw: Do second Lair branch before Depths: true
     0 | D:1      | 0 ||| qw: Lair rune preference: random
     0 | D:1      | 0 ||| qw: Goals: Normal
     0 | D:1      | 0 ||| PLANNING D:1-11
   144 | D:1      | Reached skill level 3 in Ranged Weapons
   153 | D:1      | Reached XP level 2. HP: 23/23 MP: 2/2
   764 | D:1      | 764 ||| UPGRADING to +0 leather armour.
   774 | D:1      | 774 ||| DROPPING +0 robe.
   775 | D:1      | 775 ||| READING scroll labelled TIHEOS MYBO.
   776 | D:1      | 776 ||| READING 2 scrolls labelled VODGHY DARE.
   777 | D:1      | 777 ||| READING scroll of enchant weapon.
   777 | D:1      | 777 ||| ENCHANTING +2 sling.
   778 | D:1      | 778 ||| READING scroll labelled XAALEN PAQOS.
   779 | D:1      | 779 ||| READING scroll labelled KOPENI REPSA.
   783 | D:1      | 783 ||| DROPPING scroll of poison.
   811 | D:2      | 811 ||| STAIRDANCE
   822 | D:1      | Reached XP level 3. HP: 14/29 MP: 3/3
   885 | D:2      | Noticed Robin
   887 | D:2      | HP: 4/29 [goblin/+0 club[Robin] (4)]
   887 | D:2      | HP: 1/29 [goblin/+0 dagger[Robin] (1)]
   888 | D:2      | 888 ||| STAIRDANCE
   888 | D:2      | Slain by a goblin

Levels and vault maps discovered:
D:1:      nicolae_arrival_memento_mori, layout_basic
D:2:      layout_rooms, shapermc_ecumenical_altar_petra, serial_corexii_hall,
          chequers_hall_statues_wall_a, corexii_hall_statues_t, uniq_robin

Skill      XL: |  1  2 |
---------------+-------+-----
Ranged Weapons | 3 |  3.6
Fighting       | 2 |  2.0
Dodging        | |  2.1
Spellcasting   | |  1.0
Hexes          | |  2.0

Action                     || total
---------------------------++-------
   Fire: Sling             ||    86
    Use: Scroll            ||     5
 Armour: Robe              ||     3
         Leather armour    ||     8
  Dodge: Dodged            ||    38

Table legend:
 A = Non-vault XP
 B = Vault XP
 C = Vault XP percentage of total XP
 D = Non-vault monster count
 E = Vault monster count
 F = Vault count percentage of total count
                 A         B        C        D         E       F
            +---------+---------+-------+---------+---------+-------
      Total |      39 |       5 |  11.4 |      23 |       3 |  11.5
            +---------+---------+-------+---------+---------+-------
        D:1 |      33 |       3 |   8.3 |      20 |       2 |   9.1
        D:2 |       6 |       2 |  25.0 |       3 |       1 |  25.0
            +---------+---------+-------+---------+---------+-------
